 Dungeon Crawl Stone Soup version 0.29-a0-717-g6dac4ea423 (webtiles) character file.

Game seed: 6582135190973514784

63 Sabo the Ducker (level 3, 0/28 HPs)
             Began as a Demonspawn Gladiator on June 26, 2022.
             Was a Follower of Wu Jian.
             Slain by a jackal (1 damage)
             ... on level 1 of the Dungeon.
             The game lasted 00:05:33 (1188 turns).

Sabo the Ducker (Demonspawn Gladiator)              Turns: 1188, Time: 00:05:34

Health: 0/28       AC:  7    Str: 16    XL:     3   Next: 89%
Magic:  3/3        EV: 11    Int:  9    God:    Wu Jian [*.....]
Gold:   19         SH:  5    Dex: 14    Spells: 2/2 levels left

rFire   . . .      SeeInvis .   a - +0 war axe
rCold   . . .      Faith    .   (no shield)
rNeg    . . .      Spirit   .   i - +0 ring mail
rPois   .          Reflect  +   c - +0 helmet
rElec   .          Harm     .   (no cloak)
rCorr   .          Rampage  .   (no gloves)
Will    .....                   h - +0 pair of boots
Stlth   +.........              b - amulet of reflection
HPRegen 0.09/turn               (no ring)
MPRegen 0.16/turn               (no ring)

@: no status effects
A: demonic guardian 1, magic regeneration
a: Renounce Religion


You were on level 1 of the Dungeon.
You worshipped Wu Jian.
Wu Jian was aware of your devotion.
You visited 1 branch of the dungeon, and saw 1 of its levels.

You collected 19 gold pieces.

Inventory:

Hand Weapons
 a - a +0 war axe (weapon)
Missiles
 d - 3 throwing nets (quivered)
 e - a javelin
Armour
 c - a +0 helmet (worn)
 h - a +0 pair of boots (worn)
 i - a +0 ring mail (worn)
Jewellery
 b - an amulet of reflection (around neck)
Scrolls
 f - a scroll of identify
 j - a scroll of teleportation
Potions
 g - a potion of flight


   Skills:
 + Level 2.4 Fighting
 + Level 3.3 Axes
 + Level 1.9 Throwing
 + Level 0.5 Armour
 + Level 3.4 Dodging


You had 2 spell levels left.
You didn't know any spells.
Your spell library was empty.

Dungeon Overview and Level Annotations

Branches:
Dungeon (1/15)

Altars:
Wu Jian


Innate Abilities, Weirdness & Mutations

A weak demonic guardian rushes to your aid.
You regenerate magic rapidly.


Message History

The jackal barely misses you.
The jackal closely misses your shadow imp.
Your shadow imp barely misses the jackal.
You closely miss the jackal.
The jackal is moderately wounded.
You closely miss the jackal. The jackal closely misses you.
The jackal bites your shadow imp. You block the jackal's attack.
Your shadow imp hits the jackal.
The jackal bites your shadow imp.
You hit the jackal but do no damage.
The jackal is moderately wounded.
You hit the jackal.
You kill the jackal!
The Council accepts your kill.
The jackal pauses to sniff the ground.
The jackal barely misses you.
The jackal bites you but does no damage.
Your shadow imp hits the jackal.
You block the jackal's attack.
You hit the jackal but do no damage.
The jackal is moderately wounded.
You hit the jackal.
You kill the jackal!
The Council accepts your kill.
You are no longer corroded.
The jackal barely misses you. The rat bites your shadow imp.
The giant cockroach completely misses your shadow imp.
The worm misses your shadow imp. The jackal barely misses you.
You miss the jackal.
The jackal is moderately wounded.
Your shadow imp closely misses the rat.
The giant cockroach barely misses your shadow imp.
The rat closely misses your shadow imp. The jackal bites you.
* * * LOW HITPOINT WARNING * * *
A demonic guardian appears!
Your shadow imp hits the rat.
The giant cockroach bites your shadow imp but does no damage.
The rat bites your shadow imp but does no damage.
The worm barely misses your shadow imp.
You closely miss the jackal.
The jackal is moderately wounded.
The jackal bites you.
You die...

..# #..## #...............
..#
##..#########.#####.#.######
#.# #................).#.#
#.# #..###############.#.#
#.# #..#.............#.#.#
#.# #..#......w......#.#.#
..# #..#.....wBr....)#.#.#
###
#..#######5#######.#.######
#..#......@h.....#.#.......
#..'⌠....###5...⌠+.########
#..#......<......#.#
#..#..⌠...>...⌠..#.#
#..###+#######'###.#
#..................#
#######....#####.###..####
..............##.###.##
..######.#.##.##.....#


You could see 2 worms, a jackal (ally target), a giant cockroach, a rat (ally
target), a friendly white imp (summoned) and a friendly shadow imp (summoned).

Vanquished Creatures
  A jelly (D:1)
  2 dart slugs (D:1)
  3 endoplasms (D:1)
  2 goblins (D:1)
  A hobgoblin (D:1)
  5 jackals (D:1)
  A kobold (D:1)
  A quokka (D:1)
  2 bats (D:1)
  2 frilled lizards (D:1)
  3 rats (D:1)
23 creatures vanquished.

Vanquished Creatures (collateral kills)
  An endoplasm (D:1)
  A giant cockroach (D:1)
  A jackal (D:1)
  A bat (D:1)
  A goblin (D:1)
5 creatures vanquished.

Grand Total: 28 creatures vanquished

Notes
Turn   | Place    | Note
-------+----------+-------------------------------------------
     0 | D:1      | Sabo the Demonspawn Gladiator began the quest for the Orb.
     0 | D:1      | Reached XP level 1. HP: 16/16 MP: 1/1
     0 | D:1      | Noticed a jelly
     1 | D:1      | Found a runed translucent door.
   504 | D:1      | Gained mutation: A weak demonic guardian rushes to your
                  | aid. [demonic ancestry]
   504 | D:1      | Reached XP level 2. HP: 22/22 MP: 2/2
   819 | D:1      | Found a faded altar of an unknown god.
   829 | D:1      | Prayed at the altar of an unknown god.
   829 | D:1      | Became a worshipper of the Wu Jian Council
   829 | D:1      | Reached * piety under Wu Jian
  1179 | D:1      | Gained mutation: You regenerate magic rapidly. [demonic
                  | ancestry]
  1179 | D:1      | Reached XP level 3. HP: 4/28 MP: 3/3
  1187 | D:1      | HP: 1/28 [jackal (1)]
  1188 | D:1      | Slain by a jackal

Illustrated notes

Levels and vault maps discovered:
D:1:      dpeg_arrival_caged_fury, layout_basic,
          hellmonk_ecumenical_altar_slurped_away, minmay_tromino_v4_b

Skill      XL: |  1  2 |
---------------+-------+-----
Dodging        | 3 |  3.4
Axes           | 3 |  3.3
Fighting       | |  2.4
Throwing       | |  1.9
Armour         | |  0.5

Action                   || total
-------------------------++-------
Melee: War axe           ||    62
Invok: Lunge             ||     2
       Whirlwind         ||     1
  Use: Scroll            ||     2
Armor: Leather armour    ||     5
       Ring mail         ||    12
Dodge: Dodged            ||    42
Block: Other             ||     7

Table legend: (Time is in decaauts)
 A = Elapsed time spent in this place.
 B = Non-inter-level travel time spent in this place.
 C = Inter-level travel time spent in this place.
 D = Time resting spent in this place.
 E = Time spent auto-exploring this place.
 F = Levels seen in this place.
 G = Mean time per level.
                   A        B        C        D        E       F      G
               +--------+--------+--------+--------+--------+-----+--------+
         Total |   1207 |   1207 |      0 |    198 |      0 |   1 | 1207.0 |
       Dungeon |   1207 |   1207 |      0 |    198 |      0 |   1 | 1207.0 |
               +--------+--------+--------+--------+--------+-----+--------+

Top non-repeatable levels by time:
     D:1: 1207 daAuts
